[Event "Early-Titled-Tuesday-Blitz-September-26-2023"]
[Site "Chess.com"]
[Date "2023.09.26"]
[Round "6"]
[White "Ermito2020"]
[Black "imdvb6307"]
[Result "0-1"]
[WhiteElo "2616"]
[BlackElo "2474"]
[TimeControl "180+1"]
[EndTime "9:09:23 PDT"]
[Termination "imdvb6307 won by resignation"]

1. e4 Nc6 2. Nf3 d6 3. d4 Nf6 4. Nc3 e5 5. Bb5 Bd7 6. O-O Be7 7. Re1 exd4 8. Nxd4 Nxd4 9. Qxd4 Bxb5 10. Nxb5 O-O 11.
Qc3 Ne8 12. Bf4 a6 13. Nd4 Bf6 14. e5 dxe5 15. Bxe5 g6 16. Qg3 Bxe5 17. Qxe5 Qd6 18. c3 Qxe5 19. Rxe5 Nd6 20. Re7 Rac8 21. Rae1 Rfe8 22.
f3 Kf8 23. R7e2 Rxe2 24. Rxe2 c5 25. Nb3 b6 26. Kf2 Nc4 27. Nc1 Rd8 28. b3 Na3 29. Ke1 Nb5 30. c4 Nd4 31. Rd2 Re8+ 32. Kf2 Re6 33. b4 Ke7 34. bxc5 bxc5 35. Nb3 Nxb3 36. axb3 Rb6 37. Rd3 a5 38. Ke3 Rb4 39. Ke4 a4 40. Kd5 axb3 41. Rd1 b2 42. Rb1 Rb3 43. Kxc5 Kd7 44.
Kd5 Rd3+ 45. Ke4 Rd2 46. g4 f6 47. h4 Kd6 48. Ke3 Rh2 49. Kd3 Kc5 50. Kc3 Rf2 51. Rxb2 Rxf3+ 52. Kd2 Rf2+ 53. Kc3 Rxb2 54. Kxb2 Kxc4 55.
h5 g5 56. h6 Kd4 57. Kb3 Ke5 58. Kc4 Kf4 59. Kd5 Kxg4 60. Ke6 Kh5 0-1

[Event "Early-Titled-Tuesday-Blitz-September-26-2023"]
[Site "Chess.com"]
[Date "2023.09.26"]
[Round "6"]
[White "MKlose11"]
[Black "Alexander_Donchenko"]
[Result "0-1"]
[WhiteElo "2610"]
[BlackElo "2805"]
[TimeControl "180+1"]
[EndTime "9:09:27 PDT"]
[Termination "Alexander_Donchenko won by resignation"]

1. e4 e6 2. d4 d5 3. Nc3 Nf6 4. Bg5 dxe4 5. Nxe4 Nbd7 6. Nf3 h6 7. Bh4 Be7 8.
Nxf6+ Nxf6 9. Bd3 O-O 10. O-O b6 11. c3 Bb7 12. Re1 c5 13. dxc5 Bxc5 14. Qe2 Be7 15. Rad1 Qc7 16. Bg3 Qc6 17. Bb5 Qe4 18. Qxe4 Bxe4 19. Be5 Bb7 20. Bxf6 Bxf6 21. Rd7 Bd5 22. a4 Rfd8 23. Rxd8+ Rxd8 24. Rd1 Kf8 25. Rd2 Ke7 26. Kf1 g5 27. Nd4 Rc8 28. Nf5+ Kf8 29. Nxh6 Be5 30. Ng4 Bf4 31. Ne3 Ra8 32. h3 a6 33. Be2 Bb3 34. Bd1 Bd5 35. Bf3 Bxf3 36. gxf3 Ke7 37. Rd4 Rh8 38. Kg2 Rc8 39. Rc4 Rd8 40. Rd4 Rb8 41. Kf1 f5 42. Ng2 Bc1 43.
b3 Bb2 44. Rd3 Rc8 45. c4 Rh8 46. f4 Bc1 47. fxg5 Bxg5 48. h4 Bf6 49. Nf4 Rh6 50.
h5 Bg5 51. Ng6+ Kf6 52. Rd6 Rxh5 53. Nf8 Ke7 54. Rxe6+ Kxf8 55. Rxb6 a5 56. Rb5 Bd2 57. Ke2 Bb4 58. Kf3 Ke7 59. Kf4 Bd2+ 60. Kf3 Rh3+ 61. Ke2 Bb4 62. Rxf5 Rxb3 63. Rb5 Rc3 64. c5 Rxc5 65.
Rxc5 Bxc5 66. f3 Ke6 67. Kd3 Kf5 68. Ke2 Kf4 69. Kd3 Kxf3 70. Kc4 Bb4 71. Kb3 Ke4 72. Kc4 Ke5 73. Kb3 Kd4 74. Ka2 Kc4 75. Kb2 Bc5 76.
Ka2 Kb4 77. Kb2 Kxa4 78. Ka2 Kb4 79. Kb2 a4 80. Ka2 a3 81. Kb1 Kb3 82. Ka1 Bd4+ 83. Kb1 a2+ 0-1

[Event "Early-Titled-Tuesday-Blitz-September-26-2023"]
[Site "Chess.com"]
[Date "2023.09.26"]
[Round "6"]
[White "DanielTitichoca"]
[Black "Kirill_Klukin"]
[Result "0-1"]
[WhiteElo "2558"]
[BlackElo "2717"]
[TimeControl "180+1"]
[EndTime "9:09:28 PDT"]
[Termination "Kirill_Klukin won by resignation"]

1. e4 c5 2. Nf3 Nc6 3. Nc3 g6 4. d4 cxd4 5. Nxd4 Bg7 6. Be3 Nf6 7. Bc4 O-O 8. Bb3 Re8 9. O-O d6 10. h3 Na5 11. Qe2 b6 12. Bd5 Nxd5 13. exd5 Bb7 14. b4 Rc8 15. Ncb5 Nc4 16. Nxa7 Nxe3 17. Qxe3 Bxd4 18.
Qxd4 Rxc2 19. Rfc1 e5 20. Qd3 Rxc1+ 21. Rxc1 Qa8 22.
Nb5 Rd8 23. Nc7 Qxa2 24. Qb5 Qb2 25. Rf1 Qd4 26. Rc1 h5 27. Kh2 h4 28. Kh1 Qf4 29. Rc2 Qe4 30. Qc4 Qxc4 31. Rxc4 Rc8 32.
Rc3 Kh7 33. Kg1 g5 34. Kf1 Kg6 35. Ke2 Ba6+ 36. Ke3 Bb7 37. g4 f5 38. f3 fxg4 39.
fxg4 Kf6 40. Ke4 Ke7 41. Nb5 Rxc3 42. Nxc3 Kf6 43. Ke3 Ke7 44. Ke4 Ba6 45. Kf5 Bf1 46.
Kxg5 Bxh3 47. Kxh4 Bg2 48. Kg5 Kf7 49. Kf5 Bh1 50. g5 Bf3 51. g6+ Ke7 52. Nb5 Bxd5 53.
Nc3 Bc4 54. Ne4 Bd3 55. b5 d5 56.
Kxe5 dxe4 57. Kd4 Kf6 58. g7 Kxg7 59. Ke3 Kf6 60. Kd4 Ke6 61. Ke3 0-1

[Event "Early-Titled-Tuesday-Blitz-September-26-2023"]
[Site "Chess.com"]
[Date "2023.09.26"]
[Round "6"]
[White "MokshanovAlexey"]
[Black "Kielinkei"]
[Result "1-0"]
[WhiteElo "2674"]
[BlackElo "2483"]
[TimeControl "180+1"]
[EndTime "9:09:28 PDT"]
[Termination "MokshanovAlexey won by checkmate"]

1. e4 c5 2. Nf3 e6 3. g3 d5 4.
exd5 exd5 5. Bg2 Nf6 6. O-O Be7 7. d4 O-O 8. Nc3 Nc6 9. Bg5 cxd4 10. Nxd4 h6 11. Be3 Bg4 12. Qd2 Qd7 13. Nb3 Rad8 14.
Bc5 d4 15. Bxe7 Qxe7 16. Nb5 Qe5 17. a4 Rfe8 18. Rae1 Qh5 19. Rxe8+ Rxe8 20. f3 Bh3 21. g4 Qh4 22. N5xd4 Nxd4 23. Nxd4 Bxg2 24. Kxg2 Nd5 25. Nf5 Nf4+ 26. Qxf4 Re2+ 27. Kg1 Qh3 28. Qg3 Qxg3+ 29. Nxg3 Rxc2 30. Rf2 Rc4 31. a5 Ra4 32. Nf5 Rxa5 33. Rc2 Rb5 34. Kf2 h5 35. h3 hxg4 36. hxg4 g6 37. Nd4 Rb4 38. Ke3 a5 39. b3 Kg7 40. g5 a4 41. Rc4 Rxc4 42. bxc4 a3 43. Nc2 a2 44. Kd3 f6 45. Kc3 fxg5 46. Kb2 Kf6 47.
Kxa2 Ke5 48. Kb3 Kf4 49. Nd4 g4 50. fxg4 Kxg4 51. Kb4 Kf4 52. Kb5 Ke4 53. Ne6 Kd3 54. Nc5+ Kc3 55. Nxb7 g5 56. Nd6 Kd3 57. c5 g4 58. Nf5 Ke4 59. Nh4 g3 60. c6 Kf4 61. c7 Kg4 62. c8=Q+ Kxh4 63. Qc1 Kh3 64. Qg1 Kg4 65. Kc4 Kf3 66. Kd3 Kg4 67. Ke4 Kh4 68. Kf5 Kh5 69. Qh1# 1-0

[Event "Early-Titled-Tuesday-Blitz-September-26-2023"]
[Site "Chess.com"]
[Date "2023.09.26"]
[Round "6"]
[White "Der_Balak_3Halak"]
[Black "ShahMatKanal"]
[Result "0-1"]
[WhiteElo "2378"]
[BlackElo "2507"]
[TimeControl "180+1"]
[EndTime "9:09:31 PDT"]
[Termination "ShahMatKanal won by checkmate"]

1. e4 c5 2. c3 g6 3. Nf3 Bg7 4. Bc4 e6 5. e5 d6 6. exd6 Qxd6 7. O-O Ne7 8. Na3 O-O 9. d4 cxd4 10. Nb5 Qc6 11.
Nbxd4 Qxc4 12. Be3 Nd5 13. Bd2 Nc6 14. b3 Qd3 15.
Nxc6 bxc6 16. Rc1 Bb7 17. c4 Nf6 18. Ne5 Qf5 19. Qe2 c5 20. f3 h5 21. Rfe1 Rfd8 22.
Ba5 Rd6 23. Bc7 Rd4 24. Rc3 Ne8 25. g4 hxg4 26. fxg4 Qe4 27. Qxe4 Rxe4 28. Rxe4 Bxe4 29. Re3 Bb7 30. Ba5 Nd6 31. Bc3 Ne4 32. Bb2 Rd8 33. Nd3 Rxd3 34. Rxd3 Bxb2 35. Rd8+ Kg7 36. Rd7 Bd4+ 37. Kf1 Bc6 38. Rc7 Be8 39. Rc8 Kf8 40. h4 Ke7 41. Ke2 Bd7 42. Rc7 a5 43. Kd3 Nf2+ 44. Kc2 Nxg4 45. Ra7 e5 46. Rxa5 Bf5+ 47.
Kc1 Be3+ 48. Kd1 Bf2 49. h5 gxh5 50. b4 cxb4 51. c5 Be6 52. c6 Kd6 53. Ra7 Bxa7 54. c7 Kxc7 55. Kc1 Bd4 56. Kb1 Bc4 57. a3 bxa3 58.
Kc1 a2 59. Kc2 a1=Q 60. Kd2 Qb2+ 61. Ke1 Bc3+ 62. Kd1 Bb3# 0-1

[Event "Early-Titled-Tuesday-Blitz-September-26-2023"]
[Site "Chess.com"]
[Date "2023.09.26"]
[Round "6"]
[White "chessdjw"]
[Black "Sinquefield"]
[Result "0-1"]
[WhiteElo "2677"]
[BlackElo "2546"]
[TimeControl "180+1"]
[EndTime "9:09:32 PDT"]
[Termination "Sinquefield won by checkmate"]

1. d4 Nf6 2. Nf3 d6 3. c4 Nbd7 4. Nc3 e5 5. e4 Be7 6. Be2 O-O 7.
O-O c6 8. Qc2 a6 9. Rd1 Qc7 10. h3 Re8 11. Be3 Bf8 12. Rac1 Qb8 13. a3 b5 14. b4 g6 15. Bf1 Bg7 16. d5 cxd5 17. Nxd5 Nxd5 18. cxd5 Nf6 19. Nd2 Bd7 20. Nb3 Nh5 21. Na5 Qd8 22. Nc6 Qh4 23. Kh2 f5 24. Be2 f4 25. Bb6 g5 26. Kg1 g4 27. Bxg4 Bxg4 28.
hxg4 Qxg4 29. Qd3 Ng3 30. fxg3 fxg3 31. Qf3 Qh4 32. Kf1 Rf8 33. Ne7+ Kh8 34. Nf5 Qg5 35.
Be3 Qg6 36. Ke2 Rac8 37. Rxc8 Rxc8 38. Rc1 Rf8 39. Rh1 Qf7 40. Qh5 Qg8 41. Bg5 Rf7 42.
Bh6 Bxh6 43. Qxh6 Qc8 44. Qd2 Qc4+ 45. Qd3 Qa2+ 46. Qd2 Qc4+ 47. Qd3 Qa2+ 48. Kf3 Qf2+ 49. Kg4 Qf4+ 50. Kh3 Rf6 51. Qxg3 Rh6+ 52. Nxh6 Qxh6+ 53.
Qh4 Qe3+ 54. g3 Qf3 55. Rh2 Qf1+ 56. Rg2 Qh1+ 57. Kg4 Qxg2 58. Qd8+ Kg7 59. Qxd6 Qxe4+ 60. Kh3 Qh1+ 61. Kg4 Qe4+ 62. Kh3 h5 63. Qe7+ Kg6 64.
Qe6+ Kg7 65. d6 Qh1# 0-1

[Event "Early-Titled-Tuesday-Blitz-September-26-2023"]
[Site "Chess.com"]
[Date "2023.09.26"]
[Round "6"]
[White "cukin84"]
[Black "Manukyan_Artak"]
[Result "0-1"]
[WhiteElo "2215"]
[BlackElo "2412"]
[TimeControl "180+1"]
[EndTime "9:09:34 PDT"]
[Termination "Manukyan_Artak won by resignation"]

1. e4 c6 2. d4 d5 3. exd5 cxd5 4.
Bd3 Nc6 5. c3 e5 6. dxe5 Nxe5 7.
Bc2 Bg4 8. Qd4 Qe7 9. Be3 Nf6 10.
Ba4+ Nc6 11. Nd2 Bd7 12. Bxc6 bxc6 13. Ngf3 c5 14. Qe5 Qxe5 15. Nxe5 Bf5 16. O-O Bd6 17. Ndf3 O-O 18. Bg5 Ne4 19. Be3 Rfe8 20. Nc6 a5 21. Rad1 Bd7 22. Nce5 Bxe5 23. Rxd5 Bd6 24. Ng5 Bc6 25.
Nxe4 Bf8 26. Rxc5 Bxe4 27. Rg5 f6 28. Rg3 Bd6 29. f4 Rab8 30. b3 a4 31. Bd4 axb3 32. axb3 Kf7 33. b4 Red8 34. Re1 Bd5 35. Rg4 Re8 36. Rd1 Rbd8 37. h4 h5 38. Rg3 Bxf4 39. Rgd3 Bc4 40. Rf3 Be2 41. Rxf4 Bxd1 42. b5 Bb3 43. b6 Re6 44. Kh2 Rb8 45. Rf5 Bc4 46. Rxh5 Rc6 47. Rf5 Be6 48. Rf3 Rcxb6 49. Bxb6 Rxb6 50.
Rd3 Rc6 51. g3 Rc4 52. Kg2 Bf5 53. Re3 Kg6 54. Kf2 Bg4 55. Rd3 f5 56. Ke3 Re4+ 57. Kd2 Re2+ 58. Kc1 Rg2 59. c4 Kf6 60. c5 Rg1+ 61.
Kd2 Rd1+ 62. Kc3 Rxd3+ 63. Kxd3 Ke5 64. Ke3 g6 65. c6 Kd6 66. Kf4 Bh5 67. Kg5 Kxc6 0-1

[Event "Early-Titled-Tuesday-Blitz-September-26-2023"]
[Site "Chess.com"]
[Date "2023.09.26"]
[Round "6"]
[White "Katuducha"]
[Black "emeli_chess"]
[Result "0-1"]
[WhiteElo "2190"]
[BlackElo "2350"]
[TimeControl "180+1"]
[EndTime "9:09:34 PDT"]
[Termination "emeli_chess won by resignation"]

1. e4 c5 2. Nf3 d6 3. d4 cxd4 4.
Nxd4 Nf6 5. Nc3 a6 6. Bg5 e6 7. f4 Nbd7 8. Qf3 Qc7 9. O-O-O b5 10. e5 Bb7 11. Qh3 dxe5 12. Nxe6 fxe6 13. Qxe6+ Be7 14. Bxb5 axb5 15. Nxb5 Qb6 16. Nd6+ Kd8 17. fxe5 Kc7 18. Qxe7 Rxa2 19. Nc4 Ra1+ 20. Kd2 Qd4+ 21. Ke2 Qxc4+ 22. Ke3 Nd5+ 23. Rxd5 Qxd5 24. Rxa1 Qe4+ 25. Kd2 Qxg2+ 26. Kc3 Qf3+ 27. Kb4 Qe4+ 28. c4 Qxe5 29. Qxe5+ Nxe5 30. Bf4 Re8 31. Re1 Kd6 32. c5+ Kd5 33. Rd1+ Ke4 34. Bxe5 Rxe5 35. Rd7 Bd5 36. Rxg7 Rh5 37. Rg2 Kf3 38. Rc2 Be4 39. Rc3+ Kf4 40. c6 Bxc6 41. Rxc6 Rxh2 42. b3 h5 43. Rh6 h4 44. Kc5 h3 45. b4 Rc2+ 46. Kb6 h2 47. b5 Kg3 48. Kb7 Rc4 49. b6 Rh4 50. Rg6+ Kf2 51. Rf6+ Ke2 52. Re6+ Kd2 53. Rd6+ Kc2 54. Rc6+ Kb2 55. Kc7 h1=Q 56. b7 Rh7+ 57. Kb6 Rh6 58. Rxh6 Qxh6+ 59. Ka7 Qe3+ 60. Ka8 Qe4 61. Ka7 Qd4+ 62. Ka8 Qd5 63. Ka7 Qc5+ 64. Ka8 Qa5+ 65. Kb8 Kc3 66. Kc8 Qc5+ 67.
Kd7 Qd5+ 68. Kc7 Qc5+ 69. Kd7 Qb6 70. Kc8 Qc6+ 71. Kb8 Kc4 72. Ka7 Qa4+ 73. Kb6 Qb5+ 74. Kc7 Qc5+ 75. Kd7 Qb6 76. Kc8 Qc6+ 77. Kb8 Kb5 78.
Ka7 Qa6+ 79. Kb8 Kc6 80. Kc8 Qxb7+ 0-1

[Event "Early-Titled-Tuesday-Blitz-September-26-2023"]
[Site "Chess.com"]
[Date "2023.09.26"]
[Round "6"]
[White "a-z30"]
[Black "Jagerrmeisterr"]
[Result "0-1"]
[WhiteElo "2524"]
[BlackElo "2691"]
[TimeControl "180+1"]
[EndTime "9:09:35 PDT"]
[Termination "Jagerrmeisterr won on time"]

1. d3 d5 2. Nf3 c5 3. g3 Nc6 4.
Bg2 e5 5. O-O Nf6 6. c4 Be7 7.
Bg5 d4 8. a3 Qc7 9. e3 O-O 10.
exd4 exd4 11. Nbd2 Bg4 12. Re1 Rae8 13. Bxf6 Bxf6 14.
Ne4 Be7 15. Qa4 Bd7 16. Qc2 h6 17. Rab1 a5 18. Re2 Nd8 19. Rbe1 Ne6 20. Ned2 Bc6 21. Bh3 Ng5 22. Nxg5 Bxg5 23. Rxe8 Rxe8 24. Rxe8+ Bxe8 25. Ne4 Be7 26. Bg2 g6 27. Qe2 Kg7 28. Nd2 a4 29. h4 b6 30. Bd5 Qd6 31. Nf3 Qf6 32. Qe4 Bd7 33. Qe5 Bd6 34. Qxf6+ Kxf6 35. Nd2 Ke7 36. Ne4 Bc7 37. Nd2 f5 38. Nf3 Kf6 39. Nd2 g5 40. hxg5+ hxg5 41. Kg2 Be8 42. f3 Bh5 43. Bc6 Ke5 44. Bxa4 Bg6 45. Bc6 Kd6 46. Bb7 Bd8 47. Ba8 Be7 48. Bb7 Ke5 49. Ba8 Bd6 50.
Bd5 Bf8 51. Bc6 Kd6 52. Bd5 Bh6 53. b4 cxb4 54. axb4 Ke5 55. Bc6 Bf8 56. Nf1 Bxb4 57. Bd5 f4 58. g4 Bxd3 59. Nh2 Be2 60. Be4 d3 61. Nf1 d2 62. Nxd2 Bxd2 63. Bd5 Kd4 64. Bg8 Bxc4 0-1

[Event "Early-Titled-Tuesday-Blitz-September-26-2023"]
[Site "Chess.com"]
[Date "2023.09.26"]
[Round "6"]
[White "TregubovP"]
[Black "ExchangeAB"]
[Result "1-0"]
[WhiteElo "2635"]
[BlackElo "2437"]
[TimeControl "180+1"]
[EndTime "9:09:35 PDT"]
[Termination "TregubovP won on time"]

1. e4 c6 2. Nf3 d5 3. Nc3 Bg4 4. h3 Bxf3 5. Qxf3 e6 6. g3 Nd7 7. Bg2 Bc5 8. O-O Ne7 9. Rd1 O-O 10.
d4 Bb6 11. a4 dxe4 12. Nxe4 Ng6 13. h4 h6 14. h5 Ne7 15. Nd6 Rb8 16. c4 Bc7 17.
Ne4 Nf5 18. Bh3 Nd6 19. Nc3 Nxc4 20. b3 Ncb6 21. Ba3 Re8 22. Ne4 Nf6 23. Nc5 Nbd7 24. Nd3 Nd5 25. Rac1 N7f6 26. Ne5 Bd6 27. Bc5 Bxc5 28.
dxc5 Qe7 29. Bf1 Nd7 30. Nd3 Qf6 31. Qxf6 N7xf6 32. Be2 Red8 33. Ne5 Kf8 34. g4 Ke7 35. f3 Nf4 36. Bf1 Rxd1 37. Rxd1 N6d5 38. Nc4 b5 39. cxb6 axb6 40. Kf2 b5 41. Ne5 Rc8 42. Rc1 bxa4 43.
bxa4 c5 44. a5 f6 45. Nc4 Nb4 46. Kg3 Nfd5 47. f4 Ra8 48. Bg2 Ra7 49. Re1 Kd7 50. Rd1 Kc6 51. Be4 Kb5 52. Rc1 Rd7 53. Bf3 Rd8 54.
Be2 Kc6 55. Kf3 Rb8 56. f5 Na2 57. Ra1 Rb3+ 58. Kf2 Nab4 59. fxe6 Kb7 60. Bf3 Ka7 61. Re1 Ne7 62. Rd1 Nbc6 63. Rd6 1-0

[Event "Early-Titled-Tuesday-Blitz-September-26-2023"]
[Site "Chess.com"]
[Date "2023.09.26"]
[Round "6"]
[White "Misticpikachu"]
[Black "Witik"]
[Result "1/2-1/2"]
[WhiteElo "2558"]
[BlackElo "2755"]
[TimeControl "180+1"]
[EndTime "9:09:39 PDT"]
[Termination "Game drawn - insufficient material"]

1. c4 e5 2. Nc3 Nf6 3. Nf3 Nc6 4.
e4 Bb4 5. d3 d6 6. a3 Bc5 7. b4 Bb6 8. Be3 Bg4 9. Be2 O-O 10.
O-O Bxf3 11. Bxf3 Nd4 12. Na4 Nxf3+ 13. Qxf3 Bxe3 14. fxe3 c6 15. Nc3 a5 16. b5 a4 17.
Rab1 Qa5 18. Rfc1 Nd7 19. d4 Rac8 20. bxc6 bxc6 21. Rb7 Nf6 22. Rb4 h6 23. Rxa4 Qc7 24. d5 Ra8 25. Rxa8 Rxa8 26. dxc6 Qxc6 27. Nd5 Nxd5 28. exd5 Qc5 29. Rb1 Qxc4 30. e4 g6 31. h3 Qa6 32. Rb3 Kg7 33. Qd3 Qxd3 34. Rxd3 Ra4 35.
Re3 f5 36. Kf2 f4 37. Rb3 Rxe4 38. Rb6 Ra4 39. Rxd6 e4 40. Re6 Kf7 41. g3 g5 42.
h4 Rc4 43. hxg5 hxg5 44. Kg2 Rc2+ 45. Kh3 e3 46. gxf4 gxf4 47. Kg4 Rf2 48. Re4 e2 49. d6 e1=Q 50. Rxe1 Rd2 51. Kxf4 Rxd6 52. Ra1 Ke7 53. Ke5 Kd7 54. a4 Kc7 55. Rc1+ Rc6 56. Rb1 Rc4 57. a5 Ra4 58. Rb5 Kc6 59. Rd5 Kb7 60. Kd6 Ka6 61. Ke5 Rxa5 62. Rxa5+ Kxa5 1/2-1/2

[Event "Early-Titled-Tuesday-Blitz-September-26-2023"]
[Site "Chess.com"]
[Date "2023.09.26"]
[Round "6"]
[White "Cambek64"]
[Black "nicholas_ilic"]
[Result "1-0"]
[WhiteElo "2454"]
[BlackElo "2232"]
[TimeControl "180+1"]
[EndTime "9:09:39 PDT"]
[Termination "Cambek64 won by checkmate"]

1. b3 e5 2. Bb2 Nc6 3. e3 d5 4. Bb5 Bd6 5. Nf3 Qe7 6. d4 e4 7.
Ne5 Bxe5 8. Bxc6+ bxc6 9. dxe5 Nh6 10. h3 O-O 11. Qd2 f5 12. exf6 gxf6 13. Nc3 Be6 14.
O-O-O a5 15. f4 Rfb8 16. g4 Nf7 17. Rdg1 Nd6 18. g5 f5 19. g6 hxg6 20. Rxg6+ Kf8 21. Qd4 Ke8 22. Rg7 Nf7 23. Na4 Rb4 24. Qc3 Rxa4 25. bxa4 Kd7 26. Ba3 Qh4 27. Rhg1 Qxh3 28. R1g6 Qf1+ 29.
Kd2 Qf2+ 30. Kd1 Qf1+ 31. Qe1 Qf3+ 32. Qe2 Rh8 33. Rf6 Rh1+ 34. Kd2 Qxe2+ 35. Kxe2 Rh2+ 36. Kd1 Rh1+ 37. Kd2 Rh2+ 38. Kc1 d4 39. Rfxf7+ Bxf7 40. Rxf7+ Ke6 41. Re7+ Kf6 42. exd4 Rf2 43. Rxc7 Rxf4 44. Rxc6+ Kg5 45. d5 e3 46. Re6 Rf1+ 47. Kb2 f4 48. c4 Kg4 49. c5 Rd1 50. d6 Kf3 51. c6 e2 52. c7 Rd2+ 53. Kc3 Rxa2 54. Kb3 Ra1 55. c8=Q e1=Q 56. Rxe1 Rxe1 57. d7 Re3+ 58. Ka2 Re2+ 59. Bb2 Kf2 60. d8=Q f3 61. Qd4+ Kf1 62.
Qh3+ Ke1 63. Qh1# 1-0

[Event "Early-Titled-Tuesday-Blitz-September-26-2023"]
[Site "Chess.com"]
[Date "2023.09.26"]
[Round "6"]
[White "ViktoriyaTarasova"]
[Black "Zarinur"]
[Result "0-1"]
[WhiteElo "2402"]
[BlackElo "2526"]
[TimeControl "180+1"]
[EndTime "9:09:41 PDT"]
[Termination "Zarinur won by checkmate"]

1. d4 Nf6 2. c4 e6 3. Nc3 Bb4 4. e3 O-O 5. Bd3 d5 6. cxd5 Bxc3+ 7. bxc3 exd5 8. Ne2 c6 9. O-O b5 10. Ng3 Nbd7 11. f3 Nb6 12. Re1 Nc4 13. Qc2 h6 14. e4 Be6 15. e5 Ne8 16. f4 Bc8 17. f5 f6 18. a4 fxe5 19. dxe5 Qc7 20. Qe2 a5 21. Kh1 Ba6 22. Bf4 bxa4 23. Rxa4 Nb6 24.
Raa1 Bxd3 25. Qxd3 Nc4 26. Qd4 Qb6 27. Qxb6 Nxb6 28.
e6 Nf6 29. Bc7 Nc4 30. e7 Rfe8 31. Bd8 a4 32. Ne2 a3 33. Nd4 Kf7 34. Nxc6 Ne4 35. Rec1 Nf2+ 36. Kg1 Nd3 37. Re1 Nxe1 38. Rxe1 a2 39.
Ra1 Ne3 40. Kf2 Nc2 41. Ne5+ Kf6 42. Nd7+ Kxf5 43. g4+ Kxg4 44. Rg1+ Kf5 45. Rxg7 a1=N 46. Rf7+ Ke6 47. Rh7 Kxd7 48. Rxh6 Raxd8 49. exd8=Q+ Rxd8 50. h4 Rc8 51. h5 Rxc3 52. Rh7+ Kd6 53. h6 Rh3 54.
Rh8 Kc5 55. Rc8+ Kd4 56. Rc6 Ne3 57. Ke2 Nf5 58. h7 Rxh7 59. Rc1 Nb3 60. Rd1+ Ke4 61.
Rb1 Nbd4+ 62. Kf2 Rh2+ 63. Kg1 Nf3+ 64. Kf1 Ng3# 0-1

[Event "Early-Titled-Tuesday-Blitz-September-26-2023"]
[Site "Chess.com"]
[Date "2023.09.26"]
[Round "6"]
[White "FlemingA"]
[Black "sergeikim"]
[Result "0-1"]
[WhiteElo "2437"]
[BlackElo "2606"]
[TimeControl "180+1"]
[EndTime "9:09:43 PDT"]
[Termination "sergeikim won by resignation"]

1. g3 Nf6 2. Bg2 g6 3. Nf3 Bg7 4. O-O O-O 5. d3 d6 6. e4 e5 7. h3 c6 8. a4 a5 9. c3 Re8 10.
Re1 Na6 11. Nbd2 h6 12. Nc4 Be6 13. Be3 c5 14. b3 Qc7 15. Qd2 Kh7 16. Rab1 Rad8 17. Na3 d5 18. Nb5 Qb8 19. Qc2 d4 20. Bd2 Rc8 21. c4 b6 22. Nh2 Rcd8 23. Rf1 Qc8 24. g4 Nc7 25. Nxc7 Qxc7 26. f4 exf4 27. Bxf4 Qc8 28. Qf2 Nd7 29. Qg3 Rg8 30. Nf3 Rdf8 31.
Qh4 f6 32. e5 Nxe5 33. Nxe5 fxe5 34. Bxh6 Rh8 35. Bxg7+ Kxg7 36. Qe7+ Rf7 37. Rxf7+ Bxf7 38. Qxe5+ Kg8 39. Rf1 Qe6 40. Qb8+ Kg7 41. Qf4 Qe7 42. Kh2 Re8 43. Be4 Bg8 44. Kg3 g5 45. Qf5 Qe5+ 46. Qxe5+ Rxe5 47. h4 gxh4+ 48. Kxh4 Be6 49. Kg3 Rg5 50. Bf5 Bxf5 51. Rxf5 Rg6 52. Rd5 Re6 53. Rd7+ Kf6 54. Rb7 Ke5 55. Kh4 Kf4 56. g5 Ke3 57.
Kh5 Kxd3 58. g6 Kc3 59. g7 Re8 60. Rxb6 d3 61. Kh6 d2 62. Rd6 Kc2 63. Kh7 d1=Q 64.
Rxd1 Kxd1 65. g8=Q Rxg8 66. Kxg8 Kc2 67. Kf7 Kxb3 68. Ke6 Kxc4 69. Kd6 Kb4 70. Kd5 c4 71. Kd4 Kb3 72. Ke3 c3 73. Kd3 Kb2 0-1

[Event "Early-Titled-Tuesday-Blitz-September-26-2023"]
[Site "Chess.com"]
[Date "2023.09.26"]
[Round "6"]
[White "Agibileg"]
[Black "Igrok3069"]
[Result "0-1"]
[WhiteElo "2667"]
[BlackElo "2888"]
[TimeControl "180+1"]
[EndTime "9:09:45 PDT"]
[Termination "Igrok3069 won on time"]

1. d4 d5 2. c4 c6 3. Nf3 Nf6 4. Nc3 e6 5. g3 dxc4 6. Bg2 Nbd7 7.
O-O Bb4 8. e4 O-O 9. Qe2 b5 10.
Rd1 Bb7 11. Bg5 h6 12. Bf4 Re8 13. h3 a6 14. g4 Be7 15. b3 Qa5 16. Rdc1 b4 17.
e5 bxc3 18. exf6 Bxf6 19. Qxc4 c5 20. Ne5 Bd5 21. Bxd5 Nb6 22. Qxc3 Qxc3 23. Rxc3 Nxd5 24. Rf3 cxd4 25. Nd7 Rad8 26. Nxf6+ Nxf6 27. Be5 Ne4 28. Rd3 f6 29. Rxd4 Ng5 30. Rxd8 Rxd8 31. Bc7 Rd7 32.
Rc1 Nxh3+ 33. Kg2 Ng5 34. Rc6 e5 35. Ba5 Ra7 36. a4 Kf7 37. b4 Ne6 38. Bb6 Rb7 39. Ba5 Ra7 40. Bb6 Rd7 41. Be3 Rb7 42. Rxa6 Rxb4 43.
Kf3 Rb3 44. Ra7+ Kg6 45. a5 Ra3 46. Ra8 Ng5+ 47. Ke2 Ne4 48. a6 Nc3+ 49. Kf1 Nd5 50. Bc5 Ra5 51. a7 Nf4 52. Be3 Ra1+ 0-1

[Event "Early-Titled-Tuesday-Blitz-September-26-2023"]
[Site "Chess.com"]
[Date "2023.09.26"]
[Round "6"]
[White "LeoLV10"]
[Black "amylazy"]
[Result "1/2-1/2"]
[WhiteElo "2634"]
[BlackElo "2454"]
[TimeControl "180+1"]
[EndTime "9:09:46 PDT"]
[Termination "Game drawn by repetition"]

1. e4 c5 2. Nf3 e6 3. d4 cxd4 4.
Nxd4 a6 5. Bd3 Bc5 6. Nb3 Be7 7. O-O Nf6 8. Qe2 d6 9. c4 Nbd7 10. Nc3 Qc7 11. f4 b6 12. Kh1 Bb7 13. Be3 O-O 14.
Rae1 Nc5 15. Nxc5 bxc5 16. b3 Qa5 17. Bd2 Qc7 18. Bc1 Rfe8 19. Bb2 Bf8 20. e5 Nd7 21.
exd6 Qxd6 22. Ne4 Qc7 23. Rd1 Rad8 24. Qh5 g6 25. Qh4 Bxe4 26. Bxe4 Bg7 27. Bxg7 Kxg7 28.
Bb1 Nf6 29. Rde1 Rd4 30. Qf2 Red8 31. h3 Nh5 32. g3 Qc6+ 33. Kg1 Rd2 34. Qf3 Qd6 35.
g4 Qd4+ 36. Qe3 Qb2 37. Qe5+ Qxe5 38. Rxe5 Nxf4 39. Rxf4 Rb2 40. Re1 Rdd2 41. Be4 Rxa2 42. Bh1 Rab2 43. Ref1 f5 44. gxf5 exf5 45. Re1 Rxb3 46.
Rf3 Rb4 47. Rc3 Rd4 48. Bd5 Rb2 49. Ra3 Rb6 50. Rea1 Rd2 51. Rxa6 Rb3 52. Ra7+ Kh6 53. Re7 Rxh3 54. Raa7 Rg3+ 55. Kf1 Rb3 56. Rxh7+ Kg5 57. Rhe7 Rbb2 58. Re1 Rf2+ 59. Kg1 Rf4 60. Rea1 Rg4+ 61. Kf1 Rf4+ 62. Ke1 Rg4 63. Kf1 Rf4+ 64. Kg1 Rg4+ 65. Kf1 1/2-1/2

[Event "Early-Titled-Tuesday-Blitz-September-26-2023"]
[Site "Chess.com"]
[Date "2023.09.26"]
[Round "6"]
[White "azikom"]
[Black "Barmen_EV"]
[Result "1-0"]
[WhiteElo "2635"]
[BlackElo "2442"]
[TimeControl "180+1"]
[EndTime "9:09:47 PDT"]
[Termination "azikom won by checkmate"]

1. d4 Nf6 2. Bg5 g6 3. Bxf6 exf6 4. e3 f5 5. g3 Bg7 6. Bg2 O-O 7. Ne2 d5 8. Nd2 c6 9. c4 dxc4 10. Nxc4 Be6 11. Nd2 Bd5 12. Nf3 c5 13. O-O Nc6 14. dxc5 Bxb2 15. Rb1 Bg7 16. Rxb7 Bxa2 17. Qa4 Bd5 18.
Nf4 Be4 19. Rd1 Qc8 20. Rdd7 Nb8 21. Rdc7 Qxb7 22. Rxb7 Bxb7 23. Nd4 Bxg2 24. Kxg2 a5 25. Nd5 Rd8 26. Nc7 Ra7 27. Ncb5 Re7 28. Nd6 Nd7 29.
Nc6 Nxc5 30. Nxe7+ Kf8 31. Qxa5 Kxe7 32. Nxf7 Kxf7 33. Qxd8 Ne6 34. Qd7+ Kf6 35. Qa7 h5 36. h3 g5 37. Qa8 g4 38. h4 Kf7 39. Qb7+ Kg6 40. Qc8 Kf7 41. Qd7+ Kf6 42. Qe8 Bf8 43. Qxh5 Be7 44. Qh8+ Ng7 45. Qa8 Kf7 46. Qa6 Ne6 47. Qb5 Ng7 48. Qd5+ Kf6 49. e4 fxe4 50. Qxe4 Kf7 51.
Qxg4 Bf6 52. Qe4 Ne6 53. f4 Ng7 54. Qd5+ Kf8 55. Kh3 Ne8 56. Qf5 Kg7 57. h5 Bd8 58.
Qg6+ Kf8 59. h6 Nf6 60. g4 Nh7 61. Qxh7 Bg5 62. Qg7+ Ke8 63. fxg5 Kd8 64. h7 Kc8 65. h8=Q# 1-0

[Event "Early-Titled-Tuesday-Blitz-September-26-2023"]
[Site "Chess.com"]
[Date "2023.09.26"]
[Round "6"]
[White "artin10862"]
[Black "Arek_pacitan"]
[Result "1-0"]
[WhiteElo "2892"]
[BlackElo "2678"]
[TimeControl "180+1"]
[EndTime "9:09:51 PDT"]
[Termination "artin10862 won by checkmate"]

1. e4 c5 2. Nf3 d6 3. d4 cxd4 4. Nxd4 Nf6 5. Nc3 a6 6. Bg5 e6 7. f4 Be7 8. Qf3 Nbd7 9. Bc4 O-O 10. O-O-O Qc7 11. Bb3 b5 12. g4 Bb7 13. Bxf6 Bxf6 14. g5 Bxd4 15. Rxd4 Nc5 16. h4 Rac8 17. Rhd1 e5 18. R4d2 Nxb3+ 19. axb3 exf4 20. Qxf4 b4 21. Ne2 Rfe8 22. Ng3 Qa5 23. Kb1 Qe5 24. Qxe5 dxe5 25. Nf5 Rb8 26. Nd6 Rf8 27. Re1 Bc6 28. Kc1 g6 29. Nc4 Rfe8 30. Ne3 Kg7 31. Ng4 Re7 32. Nf6 Rc8 33. Rh2 Rec7 34. h5 Bb7 35. h6+ Kh8 36.
Rd1 a5 37. Rd6 Rf8 38. Rhd2 Rcc8 39. Rb6 Bc6 40. Rd6 Ba8 41. Rb5 Rc6 42. Rxc6 Bxc6 43. Rxa5 Rd8 44. Rxe5 Ra8 45. c3 bxc3 46. Kc2 cxb2 47.
Kxb2 Rb8 48. Rc5 Ba8 49. Kc3 Rd8 50. b4 Bb7 51. b5 Rb8 52. Kb4 Ba6 53. Nd7 Rd8 54.
bxa6 Kg8 55. Nb6 f5 56. Rc8 Rxc8 57. Nxc8 f4 58. a7 f3 59. a8=Q f2 60. Nd6# 1-0